 Dungeon Crawl Stone Soup version 0.24.0-2-g5b39cebb1c (webtiles) character file.

Game seed: 10857652797991701699, levelgen mode: deterministic

462 Edwards80 the Cleaver (level 6, -3/82 HPs)
             Began as a Deep Dwarf Berserker on Oct 30, 2019.
             Was a Priest of Trog.
             Succumbed to kobold's curare-tipped dart
             ... on level 3 of the Dungeon on Oct 31, 2019.
             The game lasted 00:10:32 (2792 turns).

Edwards80 the Cleaver (Deep Dwarf Berserker)        Turns: 2792, Time: 00:10:32

Health: -3/82      AC:  8    Str: 28    XL:     6   Next: 79%
Magic:  4/4        EV:  9    Int: 10    God:    Trog [***...]
Gold:   120        SH:  0    Dex: 12    Spells: 5/5 levels left

rFire    x . .     SeeInvis .   a - +0 hand axe
rCold    + . .     Gourm    .   (no shield)
rNeg     . . .     Faith    .   h - +0 chain mail
rPois    .         Spirit   .   (no helmet)
rElec    .         Reflect  .   (no cloak)
rCorr    .         Harm     .   (no gloves)
MR       .....                  (no boots)
Stlth    ..........             (no amulet)
HPRegen  0.00/turn              g - +3 ring of intelligence
MPRegen  0.09/turn              p - ring of ice

@: berserking, lethally poisoned (-3 -> -34), non-regenerating, slowed
A: damage resistance, heal wounds, sense surroundings 1, no regeneration
a: Heal Wounds, Berserk, Trog's Hand, Renounce Religion


You were on level 3 of the Dungeon.
You worshipped Trog.
Trog was most pleased with you.
You were near starving.

You visited 1 branch of the dungeon, and saw 3 of its levels.

You collected 120 gold pieces.

Inventory:

Hand Weapons
 a - a +0 hand axe (weapon)
Armour
 h - a +0 chain mail (worn)
Jewellery
 g - a +3 ring of intelligence (left hand)
 p - a ring of ice (right hand)
Scrolls
 i - 3 scrolls of remove curse {unknown}
 k - a scroll of enchant weapon {unknown}
 l - 4 scrolls of identify
 n - a scroll of fog {unknown}
 o - a scroll of blinking {unknown}
Potions
 d - a potion of magic
 e - a potion of cancellation {unknown}
 f - 2 potions of heal wounds {unknown}
 j - 3 potions of curing {unknown}
 m - 2 potions of degeneration {unknown}
 q - a potion of brilliance {unknown}
Comestibles
 b - 4 chunks of flesh
 c - 4 rations


   Skills:
 - Level 2.7 Fighting
 + Level 8.5 Axes
 - Level 2.2 Armour
 - Level 2.2 Dodging


You had 5 spell levels left.
You didn't know any spells.
Your spell library was empty.

Dungeon Overview and Level Annotations

Branches:
Dungeon (3/15)

Altars:


Innate Abilities, Weirdness & Mutations

You are resistant to damage.
You can heal yourself by infusing magical energy.
You passively map a small area around you.
You do not regenerate.


Message History

You feel as though you will be slow longer.
The kobold throws a curare-tipped dart.
The curare-tipped dart hits you.
You are lethally poisoned!
You have difficulty breathing.
* * * LOW HITPOINT WARNING * * *
You feel as though you will be slow longer.
You see here 2 curare-tipped darts.
A red film seems to cover your vision as you go berserk!
You feel yourself moving faster!
You feel mighty!
You are near starving!
* * * LOW HITPOINT WARNING * * *
You feel very sick.
The kobold throws a curare-tipped dart.
The curare-tipped dart hits you.
You are more poisoned.
You have difficulty breathing.
* * * LOW HITPOINT WARNING * * *
You feel as though you will be slow longer.
You are too berserk!
You feel a strong urge to attack something.
You die...

######### #.# ##### ** ,*
##.......# #.# #...
###........# ##(###.#***#
.........Y.# #......# *.#
##'''###...# #......# ..*
....w..#...####)...(.#.#.#
.......#....(..#.........#
*
.#...#.#......w###########,
..#.#..#.#(...gK@((.......
*
.#...#.#.#.....###########
..$$...#.#.##### **
.......#.#.# , , *
########.#.#* ,, ,
.........#.#*, ,, * *
#.########.# , ,,, *, , #.#
#.# , , #.# , *


You could see a worm, a gnoll and a kobold.

Vanquished Creatures
  The ghost of Esos the Chiller, an amateur DgIE (D:3)
  An orc priest (D:3)
  An orc wizard (D:3)
  A howler monkey zombie (D:3)
  5 gnolls
  4 adders
  3 oozes
  2 worms
  A dart slug (D:2)
  A leopard gecko (D:3)
  10 orcs (D:3)
  8 bats
  5 giant cockroaches
  3 goblins
  5 hobgoblins
  16 jackals
  2 quokkas (D:2)
  2 ball pythons (D:3)
  7 frilled lizards
  7 kobolds
  7 rats
92 creatures vanquished.

Notes
Turn   | Place    | Note
-------+----------+-------------------------------------------
     0 | D:1      | Edwards80 the Deep Dwarf Berserker began the quest for the
                  | Orb.
     0 | D:1      | Reached XP level 1. HP: 20/20 MP: 1/1
   253 | D:1      | Reached XP level 2. HP: 21/27 MP: 2/2
   256 | D:1      | Reached skill level 4 in Axes
   432 | D:1      | Reached XP level 3. HP: 5/33 MP: 3/3
   683 | D:1      | Reached ** piety under Trog
  1026 | D:2      | Reached skill level 5 in Axes
  1350 | D:2      | Reached XP level 4. HP: 28/40 MP: 3/3
  2391 | D:3      | Reached skill level 6 in Axes
  2399 | D:3      | Reached XP level 5. HP: 18/46 MP: 4/4
  2457 | D:3      | Reached skill level 7 in Axes
  2611 | D:3      | Reached *** piety under Trog
  2630 | D:3      | Noticed Esos's ghost (amateur DgIE)
  2631 | D:3      | Found a runed translucent gate.
  2632 | D:3      | Found a runed translucent gate.
  2633 | D:3      | Found a runed translucent gate.
  2710 | D:3      | Noticed an ice beast
  2720 | D:3      | Noticed an ice beast
  2729 | D:3      | Noticed an ice beast
  2744 | D:3      | Noticed an ice beast
  2744 | D:3      | Reached XP level 6. HP: 41/55 MP: 5/5
  2786 | D:3      | Noticed an ice beast
  2788 | D:3      | Killed Esos's ghost
  2788 | D:3      | Reached skill level 8 in Axes
  2791 | D:3      | HP: 1/82 [asphyx]
  2792 | D:3      | Succumbed to kobold's curare-tipped dart

Levels and vault maps discovered:
D:1:      dpeg_arrival_arbitrary_b, layout_basic, wad_floor_pattern_2
D:2:      kennysheep_big_flooded_room, layout_loops_corners
D:3:      corexii_shack_village, layout_basic, first_ration,
          gammafunk_ghost_split

Skill      XL: |  1  2  3  4  5  6 |
---------------+-------------------+-----
Axes           | 4 5 6 7 8 |  8.5
Fighting       | |  2.7
Armour         | |  2.2
Dodging        | |  2.2

Action                   |  1- 3 |  4- 6 || total
-------------------------+-------+-------++-------
Melee: Hand axe          |   167 |   241 ||   408
Invok: Trog's Hand       |       |     3 ||     3
       Berserk           |       |     2 ||     2
 Abil: Heal Wounds       |     2 |     2 ||     4
  Use: Scroll            |     2 |       ||     2
  Eat: Chunk             |     2 |     2 ||     4
       Ration            |       |     1 ||     1
Armor: Animal skin       |     7 |       ||     7
       Chain mail        |    80 |   127 ||   207
Dodge: Dodged            |   114 |    90 ||   204
